 Dungeon Crawl Stone Soup version 0.22-a0-848-ge9e22a0 (webtiles) character file.

46 Leszczynek the Cutter (level 3, 4/22 HPs)
             Began as a Deep Elf Monk on July 26, 2018.
             Quit the game on level 3 of the Dungeon.
             The game lasted 00:03:54 (655 turns).

Leszczynek the Cutter (Deep Elf Monk)                Turns: 655, Time: 00:03:55

Health: 4/22       AC:  2    Str: 13    XL:     3   Next: 44%
Magic:  5/5        EV: 14    Int: 15    God:
Gold:   73         SH:  0    Dex: 17    Spells: 2/2 levels left

rFire    . . .     SeeInvis .   a - +0 short sword
rCold    . . .     Gourm    .   (no shield)
rNeg     . . .     Faith    .   b - +0 robe
rPois    .         Spirit   .   (no helmet)
rElec    .         Reflect  .   (no cloak)
rCorr    .         Harm     .   (no gloves)
MR       .....                  (no boots)
Stlth    ++........             k - amulet of the acrobat
HPRegen  0.07/turn              (no ring)
MPRegen  0.09/turn              (no ring)

@: mighty, lethally poisoned (4 -> 0)
A: no striking features
a: no special abilities


You were on level 3 of the Dungeon.
You were not hungry.

You visited 1 branch of the dungeon, and saw 3 of its levels.

You collected 73 gold pieces.

Inventory:

Hand Weapons
 a - a +0 short sword (weapon)
Missiles
 g - 20 stones (quivered)
 i - 14 arrows
 m - 2 tomahawks
Armour
 b - a +0 robe (worn)
Jewellery
 k - an amulet of the acrobat (around neck)
Scrolls
 e - 2 scrolls of identify {unknown}
 f - a scroll of teleportation {unknown}
 j - a scroll of fear {unknown}
 l - 2 scrolls of remove curse {unknown}
Comestibles
 c - 4 chunks of flesh
 d - 3 rations


   Skills:
 + Level 2.5 Fighting
 * Level 4.4 Short Blades
 - Level 3.6 Dodging
 - Level 2.4 Stealth


You had 2 spell levels left.
You didn't know any spells.
Your spell library was empty.

Dungeon Overview and Level Annotations

Branches:
Dungeon (3/15)

Altars:


Message History

You see here a stone.
It was a potion of might.
You feel very mighty all of a sudden.
You feel sick. The adder closely misses you. The goblin closely misses you.
The adder closely misses you.
You hit the adder.
The adder is moderately wounded.
You feel sick. The adder closely misses you.
You barely miss the adder.
The adder is moderately wounded.
The goblin hits you.
* * * LOW HITPOINT WARNING * * *
The adder misses you.
You puncture the adder!
You kill the adder!
* * * LOW HITPOINT WARNING * * *
You feel sick. The goblin closely misses you.
You puncture the goblin!
You kill the goblin!
Are you sure you want to abandon this character and quit the game? (Confirm with "yes".)

##..........##....#
.#.
............#.....##.#
............#.S......#
............#.<#.....#
#####.......#..#.....#
...............(.....#
########....#..#....##
#....#..#(†..#
#....#..#@...#
..#####..#....# ....
.).#.######### ....##
###.#.# ##....# #...
..#.# ......# ... #.#
......# ##
######.##...###
...............#
.###....#......#


There were no monsters in sight!

Vanquished Creatures
  3 adders (D:3)
  A leopard gecko (D:2)
  A ball python (D:2)
  4 goblins
  2 hobgoblins
  A bat (D:2)
  4 frilled lizards
  3 kobolds
19 creatures vanquished.

Notes
Turn   | Place    | Note
-------+----------+-------------------------------------------
     0 | D:1      | Leszczynek the Deep Elf Monk began the quest for the Orb.
     0 | D:1      | Reached XP level 1. HP: 13/13 MP: 3/3
   275 | D:2      | Reached XP level 2. HP: 18/18 MP: 4/4
   434 | D:3      | Reached skill level 4 in Short Blades
   520 | D:3      | Reached XP level 3. HP: 17/22 MP: 5/5
   653 | D:3      | HP: 4/22 [poisoned by an adder]
   655 | D:3      | Quit the game

Vault maps used:
D:1:      onia_arrival_mini_maze, kennysheep_crisscross, minmay_tetromino_l4
D:2:      dk_yredelemnul_ordeal

Skill      XL: |  1  2 |
---------------+-------+-----
Short Blades   | 4 |  4.4
Fighting       | |  2.5
Dodging        | |  3.6
Stealth        | |  2.4

Action                   || total
-------------------------++-------
Melee: Short sword       ||    53
Throw: Stone             ||    25
  Use: Potion            ||     1
 Stab: Sleeping          ||     2
       Distracted        ||     1
Armor: Robe              ||     9
Dodge: Dodged            ||    37

Table legend:
 A = Spawn XP
 B = Non-spawn XP
 C = Spawn XP percentage of total XP
 D = Spawn monster count
 E = Non-spawn monster count
 F = Spawn count percentage of total count
 G = Total turns spent on level
                    A         B        C        D         E        F      G
               +---------+---------+-------+---------+---------+-------+---------
         Total |       0 |      66 |   0.0 |       0 |      19 |   0.0 |   655
               +---------+---------+-------+---------+---------+-------+---------
           D:1 |       0 |       3 |   0.0 |       0 |       2 |   0.0 |   110
           D:2 |       0 |      17 |   0.0 |       0 |      11 |   0.0 |   319
           D:3 |       0 |      46 |   0.0 |       0 |       6 |   0.0 |   226
               +---------+---------+-------+---------+---------+-------+---------
